 Dungeon Crawl Stone Soup version 0.28.0-49-g6dfe1f597d (webtiles) character file.

Game seed: 5762163001456153748

1465 Revguard the Chopper (level 8, -2/60 HPs)
             Began as a Demonspawn Gladiator on May 11, 2022.
             Was an Initiate of Makhleb.
             Slain by a centaur simulacrum (11 damage)
             ... on level 6 of the Dungeon.
             The game lasted 00:18:21 (7969 turns).

Revguard the Chopper (Demonspawn Gladiator)         Turns: 7969, Time: 00:18:22

Health: -2/60      AC:  6    Str: 15 (17) XL:     8   Next: 48%
Magic:  11/11      EV: 13    Int:  9 (10) God:    Makhleb [......]
Gold:   177        SH:  0    Dex: 15 (16) Spells: 7/7 levels left

rFire   . . .      SeeInvis +   a - +0 war axe (elec)
rCold   . . .      Faith    .   (no shield)
rNeg    + . .      Spirit   .   d - +0 steam dragon scales
rPois   +          Reflect  .   (helmet restricted)
rElec   .          Harm     .   (no cloak)
rCorr   .          Rampage  .   (no gloves)
Will    .....                   (no boots)
Stlth   +++.......              l - amulet of magic regeneration
HPRegen 0.20/turn               g - ring of positive energy
MPRegen 0.52/turn               j - ring of see invisible

@: no status effects
A: antennae 1, thin skeletal structure 1, powered by death 1, powered by pain 2,
hooves 1, camouflage 1, poison resistance
a: Renounce Religion


You were on level 6 of the Dungeon.
You worshipped Makhleb.
Makhleb was noncommittal.
You visited 2 branches of the dungeon, and saw 7 of its levels.
You also visited: Ossuary.

You collected 177 gold pieces.

Inventory:

Hand Weapons
 a - a +0 war axe of electrocution (weapon)
Armour
 d - +0 steam dragon scales (worn)
 e - a +2 leather armour of poison resistance
Jewellery
 g - a ring of positive energy (left hand)
 j - a ring of see invisible (right hand)
 l - an amulet of magic regeneration (around neck)
Wands
 c - a wand of polymorph (7)
 m - a wand of mindburst (4)
 q - a wand of paralysis (10)
 r - a wand of flame (29)
Scrolls
 b - 4 scrolls of teleportation
 f - 3 scrolls of fog
 k - a scroll of blinking
 p - 3 scrolls of identify
 s - 2 scrolls of fear
 u - a scroll of holy word
 v - a scroll of enchant weapon {unknown}
Potions
 h - 4 potions of curing
 i - a potion of attraction
 n - a potion of invisibility
 o - 2 potions of cancellation
 t - a potion of heal wounds


   Skills:
 + Level 4.0 Fighting
 * Level 5.4 Axes
 - Level 1.7 Throwing
 * Level 4.7 Armour
 + Level 4.2 Dodging
 + Level 4.6 Invocations
 + Level 3.5 Evocations


You had 7 spell levels left.
You didn't know any spells.
Your spell library contained the following spells:

 Spells                   Type           Power      Damage    Failure   Level
 Foxfire                  Conj/Fire      0%         2x1d4     38%         1
 Confusing Touch          Hex            0%         N/A       77%         3
 Conjure Flame            Conj/Fire      0%         6-21      77%         3
 Inner Flame              Hex/Fire       0%         N/A       77%         3
 Ozocubu's Armour         Ice            0%         N/A       77%         3
 Tukima's Dance           Hex            0%         N/A       77%         3
 Anguish                  Hex/Necr       0%         N/A       99%         4
 Flame Wave               Conj/Fire      0%         2d4       99%         4
 Metabolic Englaciation   Hex/Ice        0%         N/A       100%        5
 Yara's Violent Unravell  Hex/Tmut       0%         3d3       100%        5
 Simulacrum               Ice/Necr       0%         N/A       100%        6
 Enfeeble                 Hex            0%         N/A       100%        7


Dungeon Overview and Level Annotations

Branches:
Dungeon (6/15)             Temple (1/1) D:6         Ossuary (visited)

Altars:
Ashenzari
Cheibriados
Dithmenos
Elyvilon
Fedhas
Gozag
Hepliaklqana
Kikubaaqudgha
Makhleb
Nemelex Xobeh
Okawaru
Qazlal
Ru
Sif Muna
Trog
Uskayaw
Vehumet
Wu Jian
Yredelemnul
Zin
The Shining One

Shops:
D:3 *   D:6 *

Annotations:
D:6 Name63's ghost, novice FeTm


Innate Abilities, Weirdness & Mutations

You have a pair of small antennae on your head.
You have a somewhat thin skeletal structure. (Dex +2, Stealth+)
You regenerate a little health from kills.
You sometimes gain power by taking damage.
You have large cloven feet.
Your skin changes colour to match your surroundings (Stealth+).
Your system is resistant to poisons. (rPois)


Message History

You destroy the spectral centaur!
Makhleb accepts your kill.
Name63's ghost whispers, "There is no future for you."
The howler monkey zombie closely misses you.
You barely miss Name63's ghost. Your kick misses Name63's ghost.
You barely miss the howler monkey zombie.
Name63's ghost hits you but does no damage.
The howler monkey zombie closely misses you.
It was a potion of degeneration.
There was something very wrong with that liquid.
You feel weakened.
You feel dopey.
You feel clumsy. Name63's ghost hits you!
The howler monkey zombie closely misses you.
It was a potion of magic.
Magic courses through your body. The centaur simulacrum hits you.
The centaur simulacrum freezes you.
The centaur simulacrum kicks you but does no damage.
Name63's ghost hits you!
The howler monkey zombie barely misses you.
The centaur simulacrum barely misses you.
The centaur simulacrum kicks you. The centaur simulacrum freezes you!
* * * LOW HITPOINT WARNING * * *
Okay, then.
Blink to where?
Press: ? - help, Dir - move target
As you read the scroll of blinking, it crumbles to dust.
Aiming: Mindburst
Press: ? - help, Shift-Dir - straight line, f - Name63's ghost
Aim: Name63's ghost (chance to affect: 50%) Name63's ghost resists with significant effort.
There is an open door here.
You hit the centaur simulacrum but do no damage.
The centaur simulacrum hits you.
* * * LOW HITPOINT WARNING * * *
The centaur simulacrum freezes you.
* * * LOW HITPOINT WARNING * * *
The centaur simulacrum barely misses you.
The centaur simulacrum hits you.
* * * LOW HITPOINT WARNING * * *
The centaur simulacrum freezes you!
You die...

##$..ZZ.Z.#
#.....#.ZZ#
#.#.#.###W###
#
######....##
#.##..#
######Z#
#≈≈≈≈#W#
###≈≈≈≈#Z#
#.'≈≈≈≈@.#
#)#≈≈≈≈###
#.#≈≈≈≈#
#.###### ##.#
#..# #.## #.#
### #.#


You could see Name63's ghost, a centaur simulacrum and a centaur zombie.

Vanquished Creatures
  Maggie (D:6)
  Edmund (D:4)
  An ogre (D:5)
  A centaur (D:5)
  Blork the orc (D:5)
  3 scorpions
  A spectral centaur (D:6)
  2 jellies
  A centaur skeleton (D:5)
  5 hounds
  A bullfrog skeleton (D:5)
  An iguana (D:6)
  Natasha (thrice) (D:4)
  An orc wizard (D:4)
  A mummy (Ossuary)
  7 adders
  An adder skeleton (D:4)
  2 worms
  2 dart slugs
  9 orcs
  2 spectral bats (Ossuary)
  6 endoplasms
  7 giant cockroaches
  12 gnoll zombies (Ossuary)
  5 goblins
  7 hobgoblins
  2 jackals (D:3)
  7 quokkas
  7 ball pythons
  4 bats
  6 bat simulacra (Ossuary)
  5 frilled lizards
  3 goblin simulacra (Ossuary)
  5 goblin zombies (Ossuary)
  2 hobgoblin zombies (Ossuary)
  6 kobolds
  2 kobold simulacra (Ossuary)
  6 kobold zombies (Ossuary)
  5 orc zombies (Ossuary)
  2 quokka zombies (D:4)
  10 rats
  A rat simulacrum (Ossuary)
  5 spectral goblins (Ossuary)
  6 spectral kobolds (Ossuary)
  A spectral rat (Ossuary)
169 creatures vanquished.

Notes
Turn   | Place    | Note
-------+----------+-------------------------------------------
     0 | D:1      | Revguard the Demonspawn Gladiator began the quest for the
                  | Orb.
     0 | D:1      | Reached XP level 1. HP: 16/16 MP: 1/1
   590 | D:1      | Gained mutation: You regenerate a little health from kills.
                  | [demonic ancestry]
   590 | D:1      | Reached XP level 2. HP: 22/22 MP: 2/2
   932 | D:1      | Reached skill level 3 in Axes
   964 | D:1      | Found a faded altar of an unknown god.
  1107 | D:2      | Reached skill level 1 in Armour
  1180 | D:2      | Reached skill level 1 in Invocations
  1291 | D:2      | Reached XP level 3. HP: 27/27 MP: 3/3
  2206 | D:3      | Reached skill level 1 in Evocations
  2353 | D:3      | Reached XP level 4. HP: 33/33 MP: 5/5
  2619 | D:3      | Found Wulierups's Assorted Antiques.
  3291 | D:4      | Noticed Edmund
  3298 | D:4      | Gained mutation: You have a pair of small antennae on your
                  | head. [demonic ancestry]
  3298 | D:4      | Reached XP level 5. HP: 33/39 MP: 6/6
  3320 | D:4      | Killed Edmund
  3457 | D:4      | Noticed Natasha
  3469 | D:4      | Gained mutation: You sometimes gain a little power by
                  | taking damage. [demonic ancestry]
  3469 | D:4      | Reached XP level 6. HP: 15/46 MP: 7/7
  3479 | D:4      | Killed Natasha
  3526 | D:4      | Noticed Natasha
  3538 | D:4      | Killed Natasha
  3674 | D:4      | Noticed Natasha
  3684 | D:4      | Killed Natasha
  3685 | D:4      | Reached skill level 4 in Axes
  3790 | D:4      | Found a sand-covered staircase.
  3798 | Ossuary  | Entered an ossuary
  4953 | D:4      | Gained mutation: You have a somewhat thin skeletal
                  | structure. (Dex +2, Stealth+) [demonic ancestry]
  4953 | D:4      | Reached XP level 7. HP: 50/52 MP: 9/9
  5336 | D:4      | Gained mutation: Your skin changes colour to match your
                  | surroundings (Stealth+). [potion of mutation]
  5336 | D:4      | Gained mutation: Your system is resistant to poisons.
                  | (rPois) [potion of mutation]
  5336 | D:4      | Gained mutation: You have large cloven feet. [potion of
                  | mutation]
  5359 | D:5      | Entered Level 5 of the Dungeon
  5590 | D:5      | Noticed Blork the orc
  5599 | D:5      | Killed Blork the orc
  6747 | D:6      | Noticed Maggie
  6766 | D:6      | Killed Maggie
  6767 | D:6      | Reached skill level 5 in Axes
  6767 | D:6      | Gained mutation: You sometimes gain power by taking damage.
                  | [demonic ancestry]
  6767 | D:6      | Reached XP level 8. HP: 40/60 MP: 9/11
  6863 | D:6      | Found a staircase to the Ecumenical Temple.
  6875 | Temple   | Entered the Ecumenical Temple
  7215 | Temple   | Became a worshipper of Makhleb the Destroyer
  7324 | D:6      | Found an opulent altar of Gozag.
  7370 | D:6      | Found Xumiamug's Assorted Antiques.
  7716 | D:6      | Found a runed translucent gate.
  7717 | D:6      | Found a runed translucent gate.
  7717 | D:6      | Found a runed translucent gate.
  7723 | D:6      | Noticed Name63's ghost (novice FeTm)
  7969 | D:6      | Slain by a centaur simulacrum

Illustrated notes

Levels and vault maps discovered:
D:1:      zelgadis_glass_arrival_large, layout_rooms,
          ebering_ecumenical_altar_ruins, roderic_roman_lattice,
          minmay_misc_feat_ornament, st_stairs_1, minmay_ruptured
D:2:      layout_basic
D:3:      layout_basic, serial_shops, nicolae_shop_hallway_stairs,
          grunt_decor_resistance
D:4:      layout_cave_pods, enter_ossuary_4, uniq_edmund, uniq_natasha
D:5:      layout_basic, gup_sewer_entry_bowl, uniq_blork_the_orc
D:6:      layout_layer_cave, nicolae_overflow_crystal_walls,
          minmay_temple_entry_antechambers, serial_shops, nicolae_diamond_shop,
          gammafunk_ghost_necromancy, chequers_serial_rivers_room_b, uniq_maggie
Temple:   mainiacjoe_temple_cubbyholes

Skill      XL: |  1  2  3  4  5  6  7  8 |
---------------+-------------------------+-----
Axes           | 3 4 5 |  5.4
Armour         | 1 2 3 4 |  4.7
Invocations    | 1 2 3 4 |  4.6
Evocations     | 1 2 3 |  3.5
Dodging        | 3 4 |  4.2
Fighting       | 3 4 |  4.0
Throwing       | |  1.7

Action                   |  1- 3 |  4- 6 |  7- 9 || total
-------------------------+-------+-------+-------++-------
Melee: War axe           |   118 |   309 |    96 ||   523
       Punch             |     2 |     1 |       ||     3
       Kick              |       |       |    28 ||    28
Throw: Throwing net      |       |     3 |     1 ||     4
Evoke: Wand              |       |       |     2 ||     2
  Use: Scroll            |     6 |     7 |     3 ||    16
       Potion            |       |     5 |     4 ||     9
 Stab: Sleeping          |     1 |     1 |     5 ||     7
       Held in net/web   |       |     2 |     1 ||     3
Armor: Leather armour    |    26 |   115 |    23 ||   164
       Ring mail         |    12 |    47 |       ||    59
       Skin              |       |    34 |       ||    34
       Steam dragon scal |       |       |    14 ||    14
Dodge: Dodged            |   105 |   244 |    94 ||   443
